 Dungeon Crawl Stone Soup version 0.29.1-15-g9cfb28693d (webtiles) character file.

Game seed: 3349778618170456834

8072 KrombopulosMichael the Fighter (level 11, -4/79 (86) HPs)
             Began as a Formicid Arcane Marksman on Jan 14, 2023.
             Was a High Priest of Zin.
             Slain by a two-headed ogre
             ... wielding a +0 giant club
              (9 damage)
             ... on level 10 of the Dungeon on Mar 13, 2023.
             The game lasted 00:45:08 (9577 turns).

KrombopulosMichael the Fighter (FoAM)               Turns: 9577, Time: 00:45:09

HP:   -4/79 (86)    AC: 10    Str: 24    XL:     11   Next: 49%
MP:   25/26         EV: 16    Int: 16    God:    Zin [*****.]
Gold: 1788          SH:  0    Dex: 22    Spells: 17/18 levels left

rFire   . . .      SeeInvis +   n - +8 whip of Teaching Woe {vorpal, rN+ Will+ Dex+4}
rCold   . . .      Faith    .   (no shield)
rNeg    + . .      Spirit   .   u - +0 troll leather armour {Pargi}
rPois   ∞          Reflect  .   (helmet unavailable)
rElec   .          Harm     .   z - +2 cloak
rCorr   .          Rampage  .   (no gloves)
Will    ++...                   h - +1 pair of boots
Stlth   +++.......              (no amulet)
HPRegen 1.03/turn               A - ring of magical power
MPRegen 0.20/turn               B - +6 ring of strength

@: vitalised, on recite cooldown, drained
A: permanent stasis, dig shafts and tunnels, antennae 3, four strong arms
a: Dig, Shaft Self, Renounce Religion, Recite, Vitalisation, Imprison,
Sanctuary, Donate Gold


You were on level 10 of the Dungeon.
You worshipped Zin.
Zin was extremely pleased with you.
You visited 2 branches of the dungeon, and saw 11 of its levels.
You also visited: Sewer and Bailey.

You collected 2016 gold pieces.
You donated 228 gold pieces to Zin.

Inventory:

Hand Weapons
 n - the +8 whip of Teaching Woe (weapon) {vorpal, rN+ Will+ Dex+4}
   (You found it on level 3 of the Dungeon)

   It inflicts extra damage upon your enemies.
   Dex:       It affects your dexterity (+4).
   rN:        It protects you from negative energy.
   Will:      It increases your willpower.
 x - a +3 vorpal sling
Missiles
 c - 2 throwing nets
Armour
 h - a +1 pair of boots (worn)
 k - +0 acid dragon scales
 u - a +0 troll leather armour (worn) {Pargi}
 y - a +2 leather armour of cold resistance
 z - a +2 cloak (worn)
Jewellery
 a - a ring of magical power
 A - a ring of magical power (left hand)
 B - a +6 ring of strength (right hand)
Wands
 v - a wand of flame (6)
Scrolls
 b - 2 scrolls of poison
 d - a scroll of silence
 p - a scroll of enchant armour
 s - 3 scrolls of fear
 C - 3 scrolls of enchant weapon
Potions
 e - 2 potions of ambrosia
 f - 4 potions of flight
 g - a potion of invisibility
 i - 3 potions of heal wounds
 j - 6 potions of curing
 r - 4 potions of mutation


   Skills:
 + Level 8.0 Fighting
 + Level 7.9 Maces & Flails
 + Level 7.3 Ranged Weapons
 + Level 5.6 Armour
 + Level 5.7 Dodging
 + Level 4.8 Stealth
 * Level 4.2 Spellcasting
 + Level 4.4 Hexes
 * Level 5.6 Invocations
 + Level 1.2 Evocations


You had 17 spell levels left.
You knew the following spells:

 Your Spells              Type           Power      Damage    Failure   Level
a - Slow                  Hex            68%        N/A       3%          1

Your spell library contained the following spells:

 Spells                   Type           Power      Damage    Failure   Level
 Ensorcelled Hibernation  Hex/Ice        20%        N/A       11%         2
 Summon Small Mammal      Summ           12%        N/A       19%         1
 Dazzling Flash           Conj/Hex       20%        N/A       22%         3
 Inner Flame              Hex/Fire       10%        N/A       22%         3
 Portal Projectile        Hex/Tloc       20%        N/A       22%         3
 Summon Guardian Golem    Hex/Summ       10%        N/A       22%         3
 Scorch                   Fire           6%         2d5       28%         2
 Sublimation of Blood     Necr           3%         N/A       28%         2
 Wereblood                Tmut           3%         N/A       28%         2
 Cause Fear               Hex            8%         N/A       28%         4
 Call Canine Familiar     Summ           3%         N/A       50%         3
 Frozen Ramparts          Ice            6%         1d1       50%         3
 Spider Form              Tmut/Pois      3%         N/A       50%         3
 Stone Arrow              Conj/Erth      6%         3d7       50%         3
 Anguish                  Hex/Necr       5%         N/A       58%         4
 Animate Armour           Summ/Erth      6%         N/A       88%         4
 Dispel Undead            Necr           3%         3d7       88%         4
 Flame Wave               Conj/Fire      3%         2d5       88%         4
 Silence                  Hex/Air        5%         N/A       90%         5
 Agony                    Necr           3%         N/A       99%         5
 Death Channel            Necr           1%         N/A       100%        6
 Summon Cactus Giant      Summ           1%         N/A       100%        6
 Haunt                    Necr/Summ      1%         N/A       100%        7
 Summon Hydra             Summ           1%         N/A       100%        7
 Lehudib's Crystal Spear  Conj/Erth      1%         10d2      100%        8
 Summon Horrible Things   Summ           1%         N/A       100%        8


Dungeon Overview and Level Annotations

Branches:
Dungeon (10/15)            Temple (1/1) D:5           Sewer (visited)
 Bailey (visited)
   Lair: D:8-11         Orc: D:9-12

Altars:
Ashenzari
Cheibriados
Dithmenos
Elyvilon
Fedhas
Gozag
Hepliaklqana
Kikubaaqudgha
Makhleb
Nemelex Xobeh
Okawaru
Qazlal
Ru
Sif Muna
Trog
Uskayaw
Vehumet
Wu Jian
Xom
Yredelemnul
Zin
The Shining One

Annotations:
D:7 1 runed translucent door, AverageBear's ghost, novice DsFi
D:9 1 runed translucent door, exclusion: orange crystal statue


Innate Abilities, Weirdness & Mutations

You cannot be hasted, slowed, berserked, paralysed or teleported.
You can dig through walls and to a lower floor.
You have a pair of large antennae on your head. (SInv)
Your four strong arms can wield two-handed weapons with a shield.


Message History

You hear a shout!
The two-headed ogre hits you with a +0 giant club! x2
You feel agile.
n - the +8 whip of Teaching Woe (weapon)
{vorpal, rN+ Will+ Dex+4} You hit the two-headed ogre.
The two-headed ogre is lightly wounded.
The two-headed ogre is lost in a daze.
Unknown command.
Unknown command.
You hit the two-headed ogre.
The two-headed ogre is moderately wounded.
A kobold demonologist comes into view. It is wielding a +0 dagger.
The two-headed ogre hits you with a +0 giant club!!
The two-headed ogre closely misses you.
Unknown command.
You feel much better.
The kobold demonologist casts a spell.
The kobold brigand closely misses itself.
You barely miss the two-headed ogre.
The two-headed ogre is moderately wounded.
The two-headed ogre hits you with a +0 giant club!!
* * * LOW HITPOINT WARNING * * *
The two-headed ogre misses you.
Unknown command.
Unknown command.
Activating: Sanctuary (56% risk of failure)
Press: ? - help, Dir - look around, f - activate You fail to use your ability.
The orange demon misses you.
The orange demon hits you but does no damage.
The kobold demonologist is lost in a daze.
The kobold brigand hits the kobold demonologist with a +0 club.
Activating: Sanctuary (56% risk of failure)
Press: ? - help, Dir - look around, f - activate You fail to use your ability.
The kobold demonologist is no longer dazed.
The orange demon stings you.
* * * LOW HITPOINT WARNING * * *
The orange demon misses you.
The two-headed ogre hits you with a +0 giant club!
You die...

.# .# # #.# .#######.+
#K# .........# #K#
#####<#### #K# ##....##
#4# .......# #K#
.......# ##O#######
.......### #4@......#
.......'.# #........#
.......#.######........#
.......#......'..>.....#
.......########........+
..)....# #........#
.......# ##########
########


You could see a two-headed ogre (dazed), 2 orange demons, 2 kobold demonologists
and 2 kobold brigands.

Vanquished Creatures
  Pikel (D:6)
  2 trolls (D:9)
  Prince Ribbit (D:6)
  Grinder (D:3)
  A wyvern (D:7)
  5 yaks (D:8)
  An acid dragon (D:8)
  3 water moccasins
  5 ice beasts
  Pargi (Sewer)
  15 orc warriors
  3 ogres
  4 centaurs
  2 phantoms (D:4)
  Blork the orc (D:4)
  2 kobold brigands
  4 bullfrogs
  A scorpion (D:6)
  10 wights
  14 killer bees
  5 howler monkeys
  A human zombie (D:3)
  Crazy Yiuf (D:4)
  5 orc priests
  4 hounds
  2 iguanas (D:6)
  Ijyb (D:4)
  6 orc wizards
  Terence (D:2)
  Robin (D:4)
  6 gnolls
  8 adders
  A shadow imp (D:5)
  A white imp (D:7)
  An ufetubus (D:7)
  A dart slug (D:3)
  4 worms
  43 orcs
  5 bats
  6 endoplasms
  3 giant cockroaches
  27 goblins
  18 hobgoblins
  4 quokkas
  7 ball pythons
  8 frilled lizards
  11 kobolds
  5 rats
263 creatures vanquished.

Vanquished Creatures (collateral kills)
  An orc warrior (Bailey)
  A gnoll (Bailey)
  A goblin (Bailey)
  A hobgoblin (Bailey)
4 creatures vanquished.

Vanquished Creatures (others)
  A human (D:3)
  11 plants
12 creatures vanquished.

Grand Total: 279 creatures vanquished

Notes
Turn   | Place    | Note
-------+----------+-------------------------------------------
     0 | D:1      | KrombopulosMichael the Formicid Arcane Marksman began the
                  | quest for the Orb.
     0 | D:1      | Reached XP level 1. HP: 15/15 MP: 2/2
   208 | D:1      | Found a faded altar of an unknown god.
   210 | D:1      | Upgraded the game from 0.29.1-12-g30fa7ad0bf to
                  | 0.29.1-15-g9cfb28693d
   305 | D:1      | Reached XP level 2. HP: 14/21 MP: 3/3
  1028 | D:2      | Reached XP level 3. HP: 26/26 MP: 2/4
  1238 | D:2      | Noticed Terence
  1247 | D:2      | Killed Terence
  1248 | D:2      | Reached XP level 4. HP: 23/32 MP: 5/5
  1613 | D:2      | Reached skill level 1 in Armour
  1937 | D:2      | Reached XP level 5. HP: 37/37 MP: 6/6
  2355 | D:3      | Identified the +8 whip of Teaching Woe {vorpal, rN+ Will+
                  | Dex+4}
  2572 | D:3      | Found a glowing drain.
  2590 | Sewer    | Entered a sewer
  2712 | Sewer    | Noticed Pargi
  2732 | Sewer    | Killed Pargi
  2733 | Sewer    | Reached skill level 2 in Fighting
  2733 | Sewer    | Reached XP level 6. HP: 36/46 MP: 8/8
  2975 | D:3      | Found an ancient bone altar of Kikubaaqudgha.
  2983 | D:3      | Noticed a human
  2984 | D:3      | Killed a human
  2998 | D:3      | Reached skill level 3 in Fighting
  3047 | D:3      | Noticed Grinder
  3063 | D:3      | Killed Grinder
  3064 | D:3      | Reached skill level 4 in Fighting
  3064 | D:3      | Reached skill level 1 in Maces & Flails
  3064 | D:3      | Reached XP level 7. HP: 54/54 MP: 9/9
  3201 | D:4      | Noticed Ijyb
  3225 | D:4      | Killed Ijyb
  3422 | D:4      | Noticed Robin
  3450 | D:4      | Killed Robin
  3473 | D:4      | Reached XP level 8. HP: 60/61 MP: 10/10
  3516 | D:4      | Reached skill level 5 in Fighting
  3580 | D:4      | Found a runed translucent door.
  3581 | D:4      | Noticed Crazy Yiuf
  3703 | D:4      | Reached skill level 1 in Stealth
  3807 | D:4      | Noticed Blork the orc
  3817 | D:4      | Killed Blork the orc
  4021 | D:4      | Killed Crazy Yiuf
  4100 | D:5      | Entered Level 5 of the Dungeon
  4196 | D:5      | Found a staircase to the Ecumenical Temple.
  4204 | Temple   | Entered the Ecumenical Temple
  4324 | Temple   | Became a worshipper of Zin the Law-Giver
  4324 | Temple   | Reached * piety under Zin
  4325 | Temple   | Donated 100 gold pieces to Zin
  4366 | D:5      | Reached skill level 5 in Ranged Weapons
  4504 | D:5      | Found a blossoming altar of Fedhas.
  4530 | D:5      | Reached ** piety under Zin
  5094 | D:6      | Reached XP level 9. HP: 68/69 MP: 11/11
  5120 | D:6      | Noticed Prince Ribbit
  5135 | D:6      | Killed Prince Ribbit
  5136 | D:6      | Reached skill level 6 in Fighting
  5230 | D:6      | Reached skill level 1 in Invocations
  5274 | D:6      | Noticed Pikel
  5294 | D:6      | Killed Pikel
  5295 | D:6      | Reached skill level 5 in Maces & Flails
  5573 | D:6      | Found a burning altar of Makhleb.
  5617 | D:6      | Reached *** piety under Zin
  5938 | D:7      | Found a stormy altar of Qazlal.
  6079 | D:7      | Reached XP level 10. HP: 64/75 MP: 12/12
  6108 | D:7      | Found a runed translucent door.
  6109 | D:7      | Noticed AverageBear's ghost (novice DsFi)
  6296 | D:7      | Reached skill level 5 in Armour
  6460 | D:7      | Reached skill level 7 in Fighting
  6501 | D:7      | Found a flagged portal.
  6518 | Bailey   | Entered a bailey
  6657 | Bailey   | Reached skill level 1 in Evocations
  6866 | Bailey   | Noticed an orc warlord
  7017 | Bailey   | Reached skill level 5 in Dodging
  7035 | Bailey   | HP: 2/79 [orc warlord/+2 broad axe (5)]
  7040 | Bailey   | HP: 1/79 [orc warlord/+2 broad axe (4)]
  7188 | Bailey   | Got the Disquisition on the Winter and the Undead
  7194 | Bailey   | Reached **** piety under Zin
  7208 | Bailey   | Got The Lost Secrets of Magic
  7209 | Bailey   | Acquired 1328 gold pieces
  7210 | Bailey   | Reached ***** piety under Zin
  7588 | D:8      | Reached XP level 11. HP: 81/84 MP: 15/15
  7712 | D:8      | Found a bloodstained altar of Trog.
  7717 | D:8      | Found a broken altar of Ashenzari.
  7830 | D:8      | Found a shimmering altar of Xom.
  8437 | D:9      | Reached skill level 5 in Invocations
  8446 | D:9      | Found a runed translucent door.
  8467 | D:9      | Found a runed translucent door.
  8489 | D:9      | Found a runed translucent door.
  8521 | D:9      | Found a runed translucent door.
  8938 | D:9      | Reached skill level 8 in Fighting
  9057 | D:9      | Found a hazy altar of Hepliaklqana.
  9329 | D:9      | Noticed an orange crystal statue
  9510 | D:10     | Entered Level 10 of the Dungeon
  9562 | D:10     | Noticed a two-headed ogre
  9577 | D:10     | Slain by a two-headed ogre

Illustrated notes

Levels and vault maps discovered:
D:1:      saegor_arrival_simple_b, layout_basic,
          chequers_ecumenical_altar_island
D:2:      layout_basic, uniq_terence
D:3:      layout_rooms, tgw_kikubaaqudgha, cheibrodos_sewer_entry_bend,
          uniq_grinder
D:4:      layout_basic, uniq_robin, uniq_crazy_yiuf_cottage, uniq_ijyb,
          uniq_blork_the_orc
D:5:      layout_basic, fedhas_ov_isle_minmay, temple_fountains, st_stairs_6,
          hex_medium, dreamdust_mushroom_princess
D:6:      wad_pebble_path, layout_loops_ring, makhleb_blood_cavern_becter,
          uniq_pikel, uniq_prince_ribbit1
D:7:      layout_loops_ring, nicolae_qazlal_scattered_showers,
          gammafunk_ghost_grave, enter_bailey_5
D:8:      layout_loops_ring, mainiacjoe_overflow_chevrons,
          nicolae_overflow_hidden_temple
D:9:      layout_small_grid, nicolae_hepliaklqana_hippocampus,
          minmay_statue_crystal_thing
D:10:     layout_roguey, serial_bayou_lagoon_a, grunt_ministairs_2, minivault_16
Temple:   nicolae_temple_two_arcs

Skill      XL: |  1  2  3  4  5  6  7  8  9 10 11 |
---------------+----------------------------------+-----
Dodging        | 2 3 5 |  5.7
Hexes          | 4 |  4.4
Ranged Weapons | 3 4 5 6 7 |  7.3
Armour         | 1 2 3 4 5 |  5.6
Fighting       | 2 4 5 6 7 8 |  8.0
Maces & Flails | 1 2 3 5 7 |  7.9
Stealth        | 1 3 4 |  4.8
Invocations    | 1 4 5 |  5.6
Spellcasting   | 3 4 |  4.2
Evocations     | 1 |  1.2

Action                   |  1- 3 |  4- 6 |  7- 9 | 10-12 || total
-------------------------+-------+-------+-------+-------++-------
Melee: Whip              |       |    19 |   180 |   489 ||   688
       Punch             |       |       |       |     8 ||     8
 Fire: Sling             |    86 |   128 |   108 |    48 ||   370
 Cast: Slow              |     8 |     3 |       |     5 ||    16
Invok: Donate Gold       |       |       |     1 |       ||     1
       Vitalisation      |       |       |     2 |     4 ||     6
       Imprison          |       |       |       |     2 ||     2
       Recite            |       |       |       |     2 ||     2
 Abil: Dig               |       |     1 |     3 |     6 ||    10
Evoke: Wand              |       |       |     3 |     8 ||    11
  Use: Scroll            |     4 |     2 |     3 |    14 ||    23
       Potion            |       |       |     1 |     6 ||     7
 Stab: Sleeping          |       |       |     2 |     3 ||     5
       Invisible         |       |       |       |     4 ||     4
       Distracted        |       |       |       |     2 ||     2
Armor: Ring mail         |    14 |    41 |       |       ||    55
       Troll leather arm |       |     7 |    53 |   130 ||   190
Dodge: Dodged            |    12 |    57 |   111 |   355 ||   535
